 Dungeon Crawl Stone Soup version 0.27-a0-1302-g7736ffe575 (webtiles) character file.

Game seed: 6391940981813458718

156 27snakeeyes612 the Shield-Bearer (level 5, 0/47 HPs)
             Began as a Gnoll Fighter on June 18, 2021.
             Slain by Grinder (3 damage)
             ... on level 3 of the Dungeon.
             The game lasted 00:02:03 (2984 turns).

27snakeeyes612 the Shield-Bearer (Gnoll Fighter)    Turns: 2984, Time: 00:02:04

Health: 0/47       AC: 10    Str: 17    XL:     5   Next: 37%
Magic:  7/7        EV:  8    Int:  7    God:
Gold:   132        SH: 10    Dex: 11    Spells: 6/6 levels left

rFire    . . .     SeeInvis .   a - +0 flail
rCold    . . .     Faith    .   c - +0 kite shield
rNeg     . . .     Spirit   .   b - +0 scale mail
rPois    .         Reflect  .   (no helmet)
rElec    .         Harm     .   (no cloak)
rCorr    .         Rampage  .   q - +1 pair of gloves
Will     .....                  (no boots)
Stlth    ..........             (no amulet)
HPRegen  0.15/turn              (no ring)
MPRegen  0.10/turn              (no ring)

@: no status effects
A: fangs 1, strong nose, distributed training
a: no special abilities


You were on level 3 of the Dungeon.
You visited 1 branch of the dungeon, and saw 3 of its levels.

You collected 132 gold pieces.

Inventory:

Hand Weapons
 a - a +0 flail (weapon)
Armour
 b - a +0 scale mail (worn)
 c - a +0 kite shield (worn)
 q - a +1 pair of gloves (worn)
Wands
 m - a wand of digging (2)
Scrolls
 f - 2 scrolls of identify {unknown}
 g - 5 scrolls of noise {unknown}
 i - a scroll of amnesia {unknown}
 k - a scroll of vulnerability {unknown}
 l - a scroll of blinking {unknown}
Potions
 d - 3 potions of might
 e - 2 potions of curing {unknown}
 j - a potion of lignification {unknown}
 n - a potion of cancellation {unknown}
 o - a potion of mutation {unknown}
 p - a potion of brilliance {unknown}


   Skills:
 + Level 6.7 Fighting
 + Level 1.4 Short Blades
 + Level 1.4 Long Blades
 + Level 1.4 Axes
 + Level 4.8 Maces & Flails
 + Level 1.4 Polearms
 + Level 1.4 Staves
 + Level 1.4 Slings
 + Level 1.4 Bows
 + Level 1.4 Crossbows
 + Level 1.4 Throwing
 + Level 6.7 Armour
 + Level 1.4 Dodging
 + Level 1.4 Stealth
 + Level 6.7 Shields
 + Level 1.4 Unarmed Combat
 + Level 1.4 Spellcasting
 + Level 1.1 Conjurations
 + Level 1.1 Hexes
 + Level 1.1 Summonings
 + Level 1.1 Necromancy
 + Level 1.1 Translocations
 + Level 1.1 Transmutations
 + Level 1.1 Fire Magic
 + Level 1.1 Ice Magic
 + Level 1.1 Air Magic
 + Level 1.1 Earth Magic
 + Level 1.1 Poison Magic
 + Level 1.6 Invocations
 + Level 1.4 Evocations


You had 6 spell levels left.
You didn't know any spells.
Your spell library was empty.

Dungeon Overview and Level Annotations

Branches:
Dungeon (3/15)

Altars:
Ru

Annotations:
D:3 Grinder


Innate Abilities, Weirdness & Mutations

You have very sharp teeth.
Your uncanny sense of smell can sniff out nearby items.
Your experience applies equally to all skills.


Message History

Grinder gestures at you. You resist with significant effort.
You barely miss Grinder.
Grinder is heavily wounded.
You block Grinder's attack.
You closely miss Grinder.
Grinder is heavily wounded.
Grinder gestures at you.
You suddenly lose the ability to move!
Grinder zaps a wand.
The puff of flame hits you but does no damage.
Grinder blinks!
Grinder gestures at you.
You shrug off the repeated paralysis!
You can move again.
Unknown command.
Grinder zaps a wand.
The puff of flame hits you but does no damage.
Grinder blinks!
Grinder zaps a wand.
The puff of flame misses you.
You closely miss Grinder.
Grinder is heavily wounded.
Grinder hits you but does no damage.
You closely miss Grinder. Your bite misses Grinder.
Grinder is heavily wounded.
Grinder gestures at you. Pain shoots through your body!
Grinder zaps a wand.
You block the puff of flame.
You closely miss Grinder.
Grinder is heavily wounded.
Grinder gestures at you. Pain shoots through your body!
* * * LOW HITPOINT WARNING * * *
You closely miss Grinder.
Grinder is heavily wounded.
Grinder hits you but does no damage. Grinder closely misses you.
You hit Grinder.
Grinder is severely wounded.
Grinder hits you.
You die...

∆∆ ∆∆∆#≈≈≈≈≈≈≈
#############∆∆∆#≈≈≈≈≈≈≈
≈≈≈≈≈≈≈≈≈≈≈≈#####≈≈≈≈≈≈≈
≈≈≈≈≈≈≈≈≈≈≈≈≈≈≈≈≈≈≈≈≈≈≈≈
≈≈≈≈≈≈≈≈≈≈≈≈≈≈≈≈≈≈≈≈≈≈≈≈
≈≈..≈.≈≈≈≈.≈≈.≈≈≈≈≈≈≈.≈≈
........................
.......@..............^.
......5...........####..
........................
################.###.###
#......#.# #.##.#.#.#.#
∆ #.##.#.#.#)#
#.##.#.#)#.#
#.##.#.....#


You could see Grinder.

Vanquished Creatures
  Terence (D:2)
  Jessica (D:3)
  Robin (D:2)
  2 adders
  A dart slug (D:3)
  An orc (D:3)
  2 ball pythons
  7 endoplasms
  2 giant cockroaches
  15 goblins
  6 hobgoblins
  6 jackals (D:2)
  2 quokkas
  5 bats
  7 frilled lizards
  7 kobolds
  2 rats
68 creatures vanquished.

Notes
Turn   | Place    | Note
-------+----------+-------------------------------------------
     0 | D:1      | 27snakeeyes612 the Gnoll Fighter began the quest for the
                  | Orb.
     0 | D:1      | Reached XP level 1. HP: 23/23 MP: 1/1
   277 | D:1      | Reached XP level 2. HP: 27/29 MP: 2/2
  1169 | D:2      | Noticed Terence
  1181 | D:2      | Killed Terence
  1182 | D:2      | Reached skill level 1 in Invocations
  1182 | D:2      | Reached XP level 3. HP: 20/35 MP: 2/4
  1587 | D:2      | Reached skill level 1 in Short Blades
  1587 | D:2      | Reached skill level 1 in Long Blades
  1587 | D:2      | Reached skill level 1 in Axes
  1587 | D:2      | Reached skill level 1 in Polearms
  1587 | D:2      | Reached skill level 1 in Staves
  1587 | D:2      | Reached skill level 1 in Slings
  1587 | D:2      | Reached skill level 1 in Bows
  1587 | D:2      | Reached skill level 1 in Crossbows
  1587 | D:2      | Reached skill level 1 in Throwing
  1587 | D:2      | Reached skill level 1 in Dodging
  1587 | D:2      | Reached skill level 1 in Stealth
  1587 | D:2      | Reached skill level 1 in Unarmed Combat
  1587 | D:2      | Reached skill level 1 in Spellcasting
  1587 | D:2      | Reached skill level 1 in Evocations
  1593 | D:2      | Reached XP level 4. HP: 26/41 MP: 5/5
  1901 | D:2      | Noticed Robin
  1968 | D:2      | Killed Robin
  1977 | D:2      | Reached skill level 1 in Conjurations
  1977 | D:2      | Reached skill level 1 in Hexes
  1977 | D:2      | Reached skill level 1 in Summonings
  1977 | D:2      | Reached skill level 1 in Necromancy
  1977 | D:2      | Reached skill level 1 in Translocations
  1977 | D:2      | Reached skill level 1 in Transmutations
  1977 | D:2      | Reached skill level 1 in Fire Magic
  1977 | D:2      | Reached skill level 1 in Ice Magic
  1977 | D:2      | Reached skill level 1 in Air Magic
  1977 | D:2      | Reached skill level 1 in Earth Magic
  1977 | D:2      | Reached skill level 1 in Poison Magic
  2681 | D:3      | Reached XP level 5. HP: 47/47 MP: 6/6
  2693 | D:3      | Noticed Jessica
  2699 | D:3      | Killed Jessica
  2782 | D:3      | Found a sacrificial altar of Ru.
  2951 | D:3      | Noticed Grinder
  2952 | D:3      | Paralysed by Grinder for 4 turns
  2965 | D:3      | Paralysed by Grinder for 2 turns
  2973 | D:3      | Paralysed by Grinder for 4 turns
  2984 | D:3      | Slain by Grinder

Illustrated notes

Levels and vault maps discovered:
D:1:      matt_arrival_refuge, layout_loops_cross, serial_park_tiny_1
D:2:      cheibrodos_helix_gallery, layout_loops_corners, uniq_terence,
          uniq_robin
D:3:      minmay_goblin_kobold_castle, layout_basic,
          grunt_temple_overflow_lords_of_destruction,
          nicolae_ru_great_annihilating_truth,
          nicolae_uskayaw_murder_on_the_dancefloor, solitary_fountain,
          feat_on_display, uniq_natasha, uniq_jessica, uniq_grinder

Skill      XL: |  1  2  3  4 |
---------------+-------------+-----
Invocations    | 1 |  1.6
Short Blades   | 1 |  1.4
Long Blades    | 1 |  1.4
Axes           | 1 |  1.4
Polearms       | 1 |  1.4
Staves         | 1 |  1.4
Slings         | 1 |  1.4
Bows           | 1 |  1.4
Crossbows      | 1 |  1.4
Throwing       | 1 |  1.4
Dodging        | 1 |  1.4
Stealth        | 1 |  1.4
Unarmed Combat | 1 |  1.4
Spellcasting   | 1 |  1.4
Evocations     | 1 |  1.4
Conjurations   | 1 |  1.1
Hexes          | 1 |  1.1
Summonings     | 1 |  1.1
Necromancy     | 1 |  1.1
Translocations | 1 |  1.1
Transmutations | 1 |  1.1
Fire Magic     | 1 |  1.1
Ice Magic      | 1 |  1.1
Air Magic      | 1 |  1.1
Earth Magic    | 1 |  1.1
Poison Magic   | 1 |  1.1
Fighting       | |  6.7
Maces & Flails | |  4.8
Armour         | |  6.7
Shields        | |  6.7

Action                   |  1- 3 |  4- 6 || total
-------------------------+-------+-------++-------
Melee: Flail             |    93 |   149 ||   242
       Bite              |     9 |    15 ||    24
Throw: Javelin           |       |     6 ||     6
 Stab: Paralysed         |       |     1 ||     1
Armor: Scale mail        |    36 |    87 ||   123
Dodge: Dodged            |    19 |    79 ||    98
Block: Kite shield       |    45 |    95 ||   140

Table legend: (Time is in decaauts)
 A = Elapsed time spent in this place.
 B = Non-inter-level travel time spent in this place.
 C = Inter-level travel time spent in this place.
 D = Time resting spent in this place.
 E = Time spent auto-exploring this place.
 F = Levels seen in this place.
 G = Mean time per level.
                   A        B        C        D        E       F      G
               +--------+--------+--------+--------+--------+-----+--------+
         Total |   3072 |   2997 |     75 |    154 |   2273 |   3 | 1024.0 |
       Dungeon |   3072 |   2997 |     75 |    154 |   2273 |   3 | 1024.0 |
               +--------+--------+--------+--------+--------+-----+--------+

Top non-repeatable levels by time:
     D:2: 1772 daAuts
     D:1: 868 daAuts
     D:3: 432 daAuts
